 Dungeon Crawl Stone Soup version 0.30-a0-918-g0ff054e9dc (webtiles) character file.

Game seed: 10085439111988038136

1044 sanka the Cleaver (level 8, -4/73 HPs)
             Began as a Hill Orc Monk on Mar 20, 2023.
             Was a Priest of Beogh.
             Engulfed by a steam dragon's steam (6 damage)
             ... on level 6 of the Dungeon.
             The game lasted 00:09:12 (6339 turns).

sanka the Cleaver (Hill Orc Monk)                   Turns: 6339, Time: 00:09:14

Health: -4/73      AC: 10    Str: 22    XL:     8   Next: 25%
Magic:  9/9        EV:  8    Int: 10    God:    Beogh [***...]
Gold:   415        SH:  0    Dex: 13    Spells: 7/7 levels left

rFire   . . .      SeeInvis .    a - +1 war axe (elec)
rCold   . . .      Faith    .    (no shield)
rNeg    . . .      Spirit   .    s - +0 chain mail
rPois   +          Reflect  .    o - +0 helmet
rElec   .          Rampage  .    (no cloak)
rCorr   .                        (no gloves)
Will    .....                    e - +0 pair of boots Stlth
                                 (no amulet)
HPRegen 0.32/turn                x - +6 ring of strength
MPRegen 0.11/turn                l - ring of poison resistance

@: attractive
A: no striking features
a: Renounce Religion, Smiting


You were on level 6 of the Dungeon.
You worshipped Beogh.
Beogh was most pleased with you.
You visited 1 branch of the dungeon, and saw 6 of its levels.
You also visited: Ossuary.

You collected 415 gold pieces.


   Skills:
 - Level 7.2 Fighting
 - Level 10.5 Axes
 - Level 2.4 Dodging
 - Level 1.5 Stealth
 + Level 2.4 Invocations


You had 7 spell levels left.
You didn't know any spells.
Your spell library contained the following spells:

 Spells                   Type           Power      Damage    Failure   Level
 Apportation              Tloc           0%         N/A       98%         1
 Blink                    Tloc           0%         N/A       99%         2
 Ensorcelled Hibernation  Hex/Ice        0%         N/A       99%         2
 Lesser Beckoning         Tloc           0%         N/A       99%         2
 Momentum Strike          Conj/Tloc      0%         3d8       99%         2
 Passwall                 Tmut/Erth      0%         N/A       99%         2
 Static Discharge         Conj/Air       0%         2-2/arc   99%         2
 Kindle Blastsparks       Fire/Tloc/Air  0%         2d10      100%        3
 Swiftness                Air            0%         N/A       100%        3
 Vhi's Electric Charge    Tloc/Air       0%         N/A       100%        3
 Fulminant Prism          Conj/Hex       0%         3d5       100%        4
 Iskenderun's Mystic Bla  Conj/Tloc      0%         2d3       100%        4
 Alistair's Intoxication  Tmut/Pois      0%         N/A       100%        5
 Arcjolt                  Conj/Air       0%         1d10      100%        5
 Lee's Rapid Deconstruct  Erth           0%         3d4*      100%        5
 Plasma Beam              Fire/Air       0%         2x1d11    100%        5

Inventory:

Hand Weapons
 a - a +1 war axe of electrocution (weapon)
Armour
 e - a +0 pair of boots (worn)
 o - a +0 helmet (worn)
 s - a +0 chain mail (worn)
Magical Staves
 b - a staff of poison
Jewellery
 l - a ring of poison resistance (right hand)
 x - a +6 ring of strength (left hand)
 C - a ring of ice
Wands
 t - a wand of acid (2)
 y - a wand of flame (26)
 D - a wand of polymorph (2)
Scrolls
 d - a scroll of fog {unknown}
 f - 4 scrolls of enchant weapon {unknown}
 h - 2 scrolls of noise {unknown}
 i - 7 scrolls of identify {unknown}
 m - 2 scrolls of teleportation {unknown}
 p - 3 scrolls of enchant armour {unknown}
 r - a scroll of fear {unknown}
 A - a scroll of immolation {unknown}
 F - a scroll of amnesia {unknown}
Potions
 c - 3 potions of ambrosia
 g - 2 potions of mutation {unknown}
 j - a potion of resistance {unknown}
 k - 6 potions of flight {unknown}
 n - 3 potions of curing {unknown}
 q - 5 potions of attraction {!q}
 u - 4 potions of lignification {unknown}
 v - 3 potions of berserk rage {unknown}
 w - 3 potions of heal wounds {unknown}
 z - a potion of brilliance {unknown}
 B - a potion of haste {unknown}
 E - 2 potions of degeneration {unknown}

Dungeon Overview and Level Annotations

Branches:
Dungeon (6/15)            Ossuary (visited)
 Temple: D:4-7

Altars:
Cheibriados
Qazlal
Xom
Yredelemnul

Shops:
D:6 [

Annotations:
D:5 1 runed translucent door

▒......▒.(.
................
<............... .
................ .......
................. .......
▒▒▒.▒▒▒+▒▒▒..............
▒▒...▒▒ ▒▒....... .......
▒.....▒▒▒......#▒▒.......
.......▒......##oD.......
▒▒▒'▒▒▒........###.......
. ▒.▒▒...................
..▒▒▒.....▒▒.............
▒..▒▒▒........▒▒......
....▒ ▒.........▒......
.... ▒▒.▒▒.▒....(....▒
▒▒.. ▒▒▒▒...........▒ ...
▒..▒........▒


You could see a steam dragon (catching breath).


Message History

The steam dragon is heavily wounded.
You are engulfed in a cloud of scalding steam.
* * * LOW HITPOINT WARNING * * *
The steam dragon bites you.
* * * LOW HITPOINT WARNING * * *
The steam dragon completely misses you.
You closely miss the steam dragon.
The steam dragon is heavily wounded.
You are engulfed in a cloud of scalding steam.
* * * LOW HITPOINT WARNING * * *
The steam dragon bites you.
* * * LOW HITPOINT WARNING * * *
The steam dragon barely misses you.
You hit the steam dragon.
Lightning courses through the steam dragon!
The steam dragon is almost dead.
The steam dragon breathes steam at you. The ball of steam hits you!!
* * * LOW HITPOINT WARNING * * *
You closely miss the steam dragon.
The steam dragon is almost dead.
You are engulfed in a cloud of scalding steam.
The steam dragon bites you!
* * * LOW HITPOINT WARNING * * *
The steam dragon barely misses you.
Unknown command.
It was a potion of attraction.
You feel attractive to monsters.
You are engulfed in a cloud of scalding steam.
You die...

Action                     |  1- 3 |  4- 6 |  7- 9 || total
---------------------------+-------+-------+-------++-------
  Melee: Hand axe          |   125 |       |       ||   125
         Punch             |     1 |     2 |     3 ||     6
         War axe           |    10 |   101 |   161 ||   272
 Invoke: Convert to Beogh  |       |     1 |       ||     1
    Use: Potion            |       |       |     1 ||     1
   Stab: Sleeping          |     5 |       |       ||     5
 Armour: Robe              |    17 |       |       ||    17
         Scale mail        |    13 |    11 |       ||    24
         Chain mail        |       |    66 |    77 ||   143
  Dodge: Dodged            |    64 |    37 |    67 ||   168

Levels and vault maps discovered:
D:1:      dpeg_arrival_round_a, layout_basic,
          hellmonk_ecumenical_altar_inner_sanctum
D:2:      layout_basic, serial_bayou_crossing
D:3:      layout_loops_corners, xom_teletrap_fun, grunt_qazlal_sundering,
          uniq_terence, uniq_sigmund, uniq_ijyb
D:4:      layout_loops_ring
D:5:      layout_basic, mainiacjoe_overflow_small_starburst,
          dk_yredelemnul_ordeal, serial_park_tiny_pond
D:6:      layout_cave_pools, cheibrodos_ashenzari_chains,
          minmay_temple_entry_junction, nicolae_ossuary_entry_giza,
          serial_shops, shop, shop, nicolae_take_the_stairs

Notes
Turn   | Place    | Note
-------+----------+-------------------------------------------
     0 | D:1      | sanka the Hill Orc Monk began the quest for the Orb.
     0 | D:1      | Reached XP level 1. HP: 19/19 MP: 1/1
   175 | D:1      | Reached XP level 2. HP: 22/27 MP: 2/2
   380 | D:1      | Reached skill level 4 in Fighting
   484 | D:1      | Reached skill level 5 in Axes
   712 | D:1      | Reached XP level 3. HP: 29/33 MP: 3/3
   899 | D:1      | Found a faded altar of an unknown god.
  1623 | D:3      | Found a stormy altar of Qazlal.
  1788 | D:3      | Noticed Sigmund
  2006 | D:3      | Reached XP level 4. HP: 41/41 MP: 4/4
  2133 | D:3      | Found a shimmering altar of Xom.
  2137 | D:3      | Became a worshipper of Beogh the Brigand
  2137 | D:3      | Reached * piety under Beogh
  2137 | D:3      | Reached ** piety under Beogh
  2166 | D:3      | Reached skill level 6 in Axes
  2193 | D:3      | Noticed Ijyb
  2223 | D:3      | Killed Ijyb
  2290 | D:3      | Noticed Terence
  2294 | D:3      | Killed Terence
  2949 | D:4      | Noticed a scorpion
  2961 | D:4      | Killed a scorpion
  2962 | D:4      | Reached skill level 5 in Fighting
  2962 | D:4      | Reached XP level 5. HP: 35/48 MP: 5/5
  3024 | D:4      | Reached skill level 7 in Axes
  3329 | D:4      | Killed Sigmund
  3330 | D:4      | Reached skill level 8 in Axes
  3330 | D:4      | Reached XP level 6. HP: 49/57 MP: 6/6
  3414 | D:4      | Reached skill level 6 in Fighting
  3414 | D:4      | Reached XP level 7. HP: 13/63 MP: 7/7
  3872 | D:4      | Reached skill level 9 in Axes
  4409 | D:5      | Entered Level 5 of the Dungeon
  4859 | D:5      | Found a runed translucent door.
  4859 | D:5      | Noticed a human
  4863 | D:5      | Found a basalt altar of Yredelemnul.
  4998 | D:5      | Reached skill level 10 in Axes
  5168 | D:5      | Reached skill level 7 in Fighting
  5206 | D:5      | Reached XP level 8. HP: 44/73 MP: 8/8
  5212 | D:5      | Reached *** piety under Beogh
  5379 | D:5      | Found a snail-covered altar of Cheibriados.
  5886 | D:6      | Found Kosesk's Antique Armour Boutique.
  5916 | D:6      | Found a sand-covered staircase.
  5929 | Ossuary  | Entered an ossuary
  6111 | Ossuary  | Reached skill level 1 in Invocations
  6330 | D:6      | Reached skill level 2 in Invocations
  6338 | D:6      | HP: 2/73 [steam dragon (7)]
  6339 | D:6      | Engulfed by a steam dragon's steam

Vanquished Creatures
  Sigmund (D:4)
  A phantom (D:5)
  2 scorpions (D:4)
  A howler monkey (D:4)
  A gnoll bouda (D:5)
  A human zombie (D:5)
  An orc priest (D:4)
  6 hounds
  2 orc wizards (D:4)
  Ijyb (D:3)
  Terence (D:3)
  9 mummies
  6 adders
  7 gnolls
  An ufetubus (D:5)
  5 dart slugs
  9 orcs
  3 ball pythons
  A bat (D:2)
  12 endoplasms
  5 giant cockroaches
  8 goblins
  3 hobgoblins (D:3)
  3 jackals (D:1)
  3 quokkas
  2 frilled lizards
  A gnoll zombie (Ossuary)
  A goblin zombie (D:6)
  A hobgoblin zombie (Ossuary)
  4 kobolds
  5 kobold zombies (Ossuary)
  An orc zombie (Ossuary)
  8 rats
116 creatures vanquished.

Vanquished Creatures (others)
  2 orcs (D:3)
  A plant (D:2)
3 creatures vanquished.

Grand Total: 119 creatures vanquished
